 Dungeon Crawl Stone Soup version 0.25-a0-294-gea9b1ad378 (webtiles) character file.

Game seed: 12927334211286684250, levelgen mode: deterministic

4191 Snowbuddha the Grappler (level 10, -1/92 HPs)
             Began as a Troll Monk on Dec 17, 2019.
             Slain by an orc
             ... wielding a +0 flail
              (4 damage)
             ... on level 8 of the Dungeon.
             The game lasted 00:16:47 (4964 turns).

Snowbuddha the Grappler (Troll Monk)                Turns: 4964, Time: 00:16:47

Health: -1/92      AC:  7    Str: 26      XL:     10   Next: 8%
Magic:  9/9        EV: 13    Int: 11      God:
Gold:   455        SH:  0    Dex: 12 (14) Spells: 9/9 levels left

rFire    . . .     SeeInvis .     - Unarmed
rCold    . . .     Gourm    +   (no shield)
rNeg     . . .     Faith    .   v - +0 robe {MR+}
rPois    .         Spirit   .   (helmet restricted)
rElec    .         Reflect  .   f - +0 cloak
rCorr    .         Harm     .   (gloves unavailable)
MR       +....                  (boots unavailable)
Stlth    ++........             (no amulet)
HPRegen  0.65/turn              e - +4 ring of strength
MPRegen  0.11/turn              (no ring)

@: brilliant, starving
A: large, unfitting armour, claws 3, fast metabolism 3, gourmand, regeneration
1, shaggy fur 1, tough skin 3
a: no special abilities


You were on level 8 of the Dungeon.
You were starving.

You visited 1 branch of the dungeon, and saw 8 of its levels.

You collected 455 gold pieces.

Inventory:

Armour
 f - a +0 cloak (worn)
 v - a +0 robe of magic resistance (worn)
Jewellery
 e - a +4 ring of strength (left claw)
Wands
 h - a wand of iceblast (3)
 j - a wand of paralysis (10)
 m - a wand of enslavement (10)
 u - a wand of clouds (4)
Scrolls
 c - 5 scrolls of identify
 i - a scroll of enchant weapon
 n - a scroll of teleportation {unknown}
 p - 4 scrolls of remove curse
 q - a scroll of fog
Potions
 g - a potion of agility
 k - a potion of invisibility {unknown}
 l - a potion of haste
 r - a potion of might
Comestibles
 b - 10 rations


   Skills:
 + Level 4.0 Fighting
 + Level 6.5 Dodging
 - Level 1.0 Stealth
 + Level 12.2 Unarmed Combat


You had 9 spell levels left.
You didn't know any spells.
Your spell library was empty.

Dungeon Overview and Level Annotations

Branches:
Dungeon (8/15)             Temple (0/1) D:6
   Lair: D:8-11

Altars:
Gozag
Hepliaklqana
Sif Muna
Trog

Shops:
D:4 *   D:7 :

Annotations:
D:8 3 runed translucent doors, mwcat2000's ghost, novice DsWz


Innate Abilities, Weirdness & Mutations

You are too large for most types of armour.
You have claws for hands.
Your metabolism is lightning-fast.
You like to eat raw meat.
Your natural rate of healing is unusually fast.
You are covered in fur. (AC +1)
You have extremely tough skin. (AC +3)


Message History

The hound bites you but does no damage. The orc hits you.
* * * LOW HITPOINT WARNING * * *
You completely miss the quasit.
The quasit is severely wounded.
The hound bites you but does no damage. The quasit closely misses you. x2
The quasit barely misses you. The orc hits you with a +0 flail.
* * * LOW HITPOINT WARNING * * *
The orc hits you but does no damage. The orc hits you with a +0 short sword.
* * * LOW HITPOINT WARNING * * *
The orc hits you but does no damage.
You completely miss the quasit.
The quasit is severely wounded.
The hound bites you.
* * * LOW HITPOINT WARNING * * *
The quasit bites you.
* * * LOW HITPOINT WARNING * * *
You feel clumsy. The quasit barely misses you. The quasit closely misses you.
The orc hits you with a +0 flail.
You die...

......## .# .......#
..####.. .##....#
....#...
.#.....####.#.....#
..O....#....# ....###
#+++###....# ##.....#
W.WWW.#.O.## #.....#
.WW.W##....###.o5.#
......#....##..o@.###
.(($.##....###.ho...#
.8.8..#.....##o.#....#
#######.........##....#
##.....#### ..###
#...%.... ..#
##......O.. ..
#..#..........
#..#........


You could see a hound, a quasit and 4 orcs.

Vanquished Creatures
  2 two-headed ogres (D:8)
  A hippogriff (D:8)
  Duvessa (D:7)
  2 sky beasts (D:8)
  2 phantoms
  4 ice beasts
  4 ogres
  A centaur (D:7)
  Blork the orc (D:5)
  2 bullfrogs (D:8)
  A water moccasin zombie (D:7)
  Dowan (D:7)
  2 scorpions
  6 killer bees (D:7)
  A howler monkey (D:6)
  3 crimson imps
  3 hounds
  A jelly (D:6)
  2 bullfrog zombies (D:6)
  2 bullfrog skeletons
  5 worker ants
  Terence (D:2)
  An orc wizard (D:3)
  4 gnolls (D:2)
  3 howler monkey skeletons
  8 adders
  2 shadow imps
  An ooze (D:2)
  An adder skeleton (D:7)
  An adder zombie (D:8)
  7 worms
  2 dart slugs
  10 leopard geckos
  13 orcs
  8 bats
  3 giant cockroaches
  17 goblins
  8 hobgoblins
  6 jackals
  3 kobolds
  2 quokkas (D:6)
  2 ball pythons
  16 frilled lizards
  A quokka skeleton (D:4)
  3 rats
170 creatures vanquished.

Notes
Turn   | Place    | Note
-------+----------+-------------------------------------------
     0 | D:1      | Snowbuddha the Troll Monk began the quest for the Orb.
     0 | D:1      | Reached XP level 1. HP: 22/22 MP: 0/0
    64 | D:1      | Reached XP level 2. HP: 29/29 MP: 1/1
   190 | D:1      | Reached XP level 3. HP: 36/36 MP: 2/2
   776 | D:2      | Reached skill level 4 in Unarmed Combat
   776 | D:2      | Reached XP level 4. HP: 36/44 MP: 3/3
   987 | D:2      | Noticed Terence
   993 | D:2      | Killed Terence
  1030 | D:2      | Reached XP level 5. HP: 41/52 MP: 4/4
  1414 | D:3      | Reached skill level 5 in Unarmed Combat
  1816 | D:4      | Reached XP level 6. HP: 51/59 MP: 5/5
  2024 | D:4      | Found Javoum's Assorted Antiques.
  2109 | D:4      | Reached skill level 6 in Unarmed Combat
  2599 | D:5      | Entered Level 5 of the Dungeon
  2599 | D:5      | Noticed an ice beast
  2620 | D:5      | Killed an ice beast
  2744 | D:5      | Reached XP level 7. HP: 67/67 MP: 6/6
  2753 | D:5      | Noticed Blork the orc
  2764 | D:5      | Killed Blork the orc
  2764 | D:5      | Reached skill level 7 in Unarmed Combat
  3013 | D:5      | Found a bloodstained altar of Trog.
  3128 | D:6      | Reached skill level 8 in Unarmed Combat
  3150 | D:6      | Reached XP level 8. HP: 57/75 MP: 7/7
  3653 | D:6      | Found a staircase to the Ecumenical Temple.
  3894 | D:7      | Reached skill level 9 in Unarmed Combat
  4031 | D:7      | Reached skill level 5 in Dodging
  4101 | D:7      | Found a shimmering blue altar of Sif Muna.
  4176 | D:7      | Found an opulent altar of Gozag.
  4199 | D:7      | Found Qucilliw's Book Emporium.
  4199 | D:7      | Noticed Dowan
  4200 | D:7      | Noticed Duvessa
  4205 | D:7      | Killed Duvessa
  4208 | D:7      | Killed Dowan
  4251 | D:7      | Reached skill level 10 in Unarmed Combat
  4508 | D:7      | Reached XP level 9. HP: 63/83 MP: 8/8
  4691 | D:7      | Found a hazy altar of Hepliaklqana.
  4894 | D:8      | Noticed a two-headed ogre
  4903 | D:8      | Found a runed translucent gate.
  4903 | D:8      | Found a runed translucent gate.
  4904 | D:8      | Found a runed translucent gate.
  4907 | D:8      | Noticed mwcat2000's ghost (novice DsWz)
  4927 | D:8      | Noticed a two-headed ogre
  4944 | D:8      | Reached skill level 11 in Unarmed Combat
  4946 | D:8      | Killed a two-headed ogre
  4959 | D:8      | Killed a two-headed ogre
  4959 | D:8      | Reached skill level 12 in Unarmed Combat
  4959 | D:8      | Reached XP level 10. HP: 33/92 MP: 9/9
  4964 | D:8      | HP: 4/92 [hound (4)]
  4964 | D:8      | Slain by an orc

Levels and vault maps discovered:
D:1:      minmay_arrival_solitary_statue, layout_rooms, minmay_lizard_king
D:2:      layout_basic, first_ration, kennysheep_generic_room_15, uniq_terence
D:3:      layout_rooms
D:4:      layout_cave_pods, serial_shops,
          nicolae_shop_competitors_out_of_business, minmay_bent
D:5:      layout_rooms, grunt_decor_arrowhead, trog_three_pillars_becter,
          uniq_blork_the_orc
D:6:      layout_basic, minmay_temple_entry_glassed_door
D:7:      layout_loops_corners, marbit_many_paths, minitemple, serial_shops,
          shop, uniq_duvessa
D:8:      layout_cave_pools, nicolae_tso_besieged_by_evil,
          gammafunk_ghost_spectres

Skill      XL: |  1  2  3  4  5  6  7  8  9 |
---------------+----------------------------+-----
Dodging        | 3 4 5 6 |  6.5
Unarmed Combat | 4 5 6 8 10 12 | 12.2
Fighting       | 3 4 |  4.0
Stealth        | |  1.0

Action                   |  1- 3 |  4- 6 |  7- 9 | 10-12 || total
-------------------------+-------+-------+-------+-------++-------
Melee: Unarmed           |   127 |   137 |   195 |     5 ||   464
       Punch             |       |     1 |     8 |       ||     9
  Use: Scroll            |     1 |     3 |     6 |       ||    10
       Potion            |       |     2 |     9 |       ||    11
 Stab: Sleeping          |     3 |       |       |       ||     3
  Eat: Chunk             |    10 |    16 |    14 |       ||    40
Armor: Robe              |    54 |    33 |    32 |     7 ||   126
       Skin              |       |       |    45 |     7 ||    52
Dodge: Dodged            |    59 |    86 |   101 |     8 ||   254

Table legend:
 A = Non-vault XP
 B = Vault XP
 C = Vault XP percentage of total XP
 D = Non-vault monster count
 E = Vault monster count
 F = Vault count percentage of total count
                 A         B        C        D         E       F
            +---------+---------+-------+---------+---------+-------
      Total |    5510 |     478 |   8.0 |     145 |      25 |  14.7
            +---------+---------+-------+---------+---------+-------
        D:1 |      51 |      14 |  21.5 |      27 |      12 |  30.8
        D:2 |     133 |      45 |  25.3 |      24 |       3 |  11.1
        D:3 |      80 |       0 |   0.0 |      15 |       0 |   0.0
        D:4 |      77 |     107 |  58.2 |       8 |       6 |  42.9
        D:5 |     716 |      91 |  11.3 |      19 |       1 |   5.0
        D:6 |     533 |       0 |   0.0 |      19 |       0 |   0.0
        D:7 |    1131 |     221 |  16.3 |      20 |       3 |  13.0
        D:8 |    2789 |       0 |   0.0 |      13 |       0 |   0.0
            +---------+---------+-------+---------+---------+-------
